 Dungeon Crawl Stone Soup version 0.25-a0-109-ge9c0e85935 (webtiles) character file.

Game seed: 1570078966393730641, levelgen mode: deterministic

2402 DavidChitty2 the Thaumaturge (level 9, -1/48 HPs)
             Began as a Deep Elf Wizard on Nov 18, 2019.
             Killed from afar by Harold (12 damage)
             ... with a harpoon shot
             ... on level 7 of the Dungeon.
             The game lasted 00:19:54 (9294 turns).

DavidChitty2 the Thaumaturge (Deep Elf Wizard)      Turns: 9294, Time: 00:19:55

Health: -1/48      AC:  5    Str:  6    XL:     9   Next: 23%
Magic:  3/23       EV: 19    Int: 27    God:
Gold:   14         SH:  0    Dex: 15    Spells: 14/25 levels left

rFire    + + .     SeeInvis .   a - +8 trident "Citafune" {vamp, rF+ rC+}
rCold    + + .     Gourm    .   (no shield)
rNeg     + . .     Faith    .   n - +1 robe {rC+ rF+}
rPois    .         Spirit   .   p - +0 hat
rElec    +         Reflect  .   (no cloak)
rCorr    .         Harm     .   v - +0 pair of gloves
MR       .....                  r - +0 pair of boots
Stlth    ++........             (no amulet)
HPRegen  0.16/turn              h - ring of positive energy
MPRegen  0.18/turn              C - ring of Rosk {*Corrode rElec EV+2 Str+2 Dex+2}

@: marked
A: no striking features
a: no special abilities


You were on level 7 of the Dungeon.
You were not hungry.

You visited 1 branch of the dungeon, and saw 7 of its levels.

You collected 308 gold pieces.
You spent 294 gold pieces at shops.

Inventory:

Hand Weapons
 a - the +8 trident "Citafune" (weapon) {vamp, rF+ rC+}
   (You took it off an orc on level 5 of the Dungeon)

   It inflicts no extra harm, but heals its wielder when it wounds a living foe.
   It protects you from fire.
   It protects you from cold.
 b - a +1 dagger of holy wrath
   (You took it off a goblin on level 2 of the Dungeon)
 w - a +1 dagger of venom
   (You took it off an orc wizard on level 6 of the Dungeon)
Missiles
 d - 123 stones (quivered)
 l - a throwing net {!f}
 t - 40 sling bullets
Armour
 n - a +1 robe of resistance (worn)
   (You took it off Sigmund on level 4 of the Dungeon)
 p - a +0 hat (worn)
 r - a +0 pair of boots (worn)
   (You found it on level 3 of the Dungeon)
 v - a +0 pair of gloves (worn)
   (You found it on level 3 of the Dungeon)
Jewellery
 h - a ring of positive energy (left hand)
   (You found it on level 1 of the Dungeon)
 C - the ring of Rosk (right hand) {*Corrode rElec EV+2 Str+2 Dex+2}
   (You bought it in a shop on level 4 of the Dungeon)

   [ring of evasion]

   It affects your evasion (+2).
   It affects your strength (+2).
   It affects your dexterity (+2).
   It insulates you from electricity.
   It may corrode you when you take damage.
Scrolls
 c - 2 scrolls of identify {@r1}
 f - a scroll of remove curse {@r2}
 g - 3 scrolls of teleportation {@r4}
 j - 3 scrolls of enchant armour
 o - a scroll of blinking
 q - a scroll of immolation {!r}
 u - 4 scrolls of fear
 z - a scroll of torment {unknown}
 B - a scroll of acquirement {unknown}
Potions
 i - 2 potions of heal wounds {@q2}
 k - a potion of brilliance
 m - 3 potions of mutation {!q}
 s - a potion of berserk rage
 x - 3 potions of curing {@q1}
 y - a potion of resistance
 A - a potion of flight
Comestibles
 e - 11 rations {!d}


   Skills:
 + Level 1.8 Fighting
 + Level 7.1 Dodging
 - Level 2.4 Stealth
 + Level 8.7 Spellcasting
 - Level 8.0 Conjurations
 - Level 2.0 Summonings
 - Level 2.0 Translocations
 - Level 3.0 Fire Magic
 - Level 3.0 Air Magic
 - Level 2.0 Poison Magic


You had 14 spell levels left.
You knew the following spells:

 Your Spells              Type           Power        Failure   Level  Hunger
a - Magic Dart            Conj           ####         1%          1    None
b - Blink                 Tloc           N/A          3%          2    None
c - Conjure Flame         Conj/Fire      #####...     1%          3    None
m - Mephitic Cloud        Conj/Pois/Air  #####...     2%          3    None
o - Call Imp              Summ           ###.....     3%          2    None

Your spell library contained the following spells:

 Spells                   Type           Power        Failure   Level  Hunger
 Slow                     Hex            ##......     8%          2    None


Dungeon Overview and Level Annotations

Branches:
Dungeon (7/15)
 Temple: D:4-7

Altars:
Hepliaklqana
Makhleb
Ru
Trog
Wu Jian
Yredelemnul

Shops:
D:4 =   D:7 (

Annotations:
D:5 3 runed translucent doors, Goomeeoh's ghost, novice NaWz; Gruesome's ghost, novice OpMo; KrasnyyBoyets's ghost, novice OgFE
D:6 3 runed translucent doors, Yorgos's ghost, novice DsAK
D:7 Harold


Message History

Found 12 gold pieces.
Aim: Harold, wielding a +0 mace and wearing a +0 chain mail (resting)
You miscast Mephitic Cloud.
You are very lightly contaminated with residual magic.
Your hair stands on end.
Aim: Harold, wielding a +0 mace and wearing a +0 chain mail (resting)
The ball explodes into a vile cloud!
The stinking cloud engulfs Harold but does no damage.
Harold is engulfed in noxious fumes.
Harold throws a throwing net.
The throwing net hits you.
You become entangled in the net!
Aim: Harold, wielding a +0 mace and wearing a +0 chain mail (noxious fumes, lightly wounded)
The magic dart hits Harold.
Harold is engulfed in noxious fumes.
Aim: Harold, wielding a +0 mace and wearing a +0 chain mail (noxious fumes, lightly wounded)
The magic dart hits Harold.
Aim: Harold, wielding a +0 mace and wearing a +0 chain mail (noxious fumes, lightly wounded)
The magic dart hits Harold.
Harold is engulfed in noxious fumes.
Aim: Harold, wielding a +0 mace and wearing a +0 chain mail (lightly wounded)
The magic dart hits Harold.
The ball explodes into a vile cloud!
The stinking cloud engulfs Harold but does no damage.
Harold points at you and mumbles some strange words.
A sentinel's mark forms upon you.
Aim: Harold, wielding a +0 mace and wearing a +0 chain mail (lightly wounded)
The magic dart hits Harold.
Harold closely misses you.
Aim: Harold, wielding a +0 mace and wearing a +0 chain mail (moderately wounded)
The magic dart hits Harold but does no damage.
Harold points at you and mumbles some strange words.
You barely resist.
Aim: Harold, wielding a +0 mace and wearing a +0 chain mail (moderately wounded)
The magic dart hits Harold but does no damage.
Harold hits you with a +0 mace!
Aim: Harold, wielding a +0 mace and wearing a +0 chain mail (moderately wounded)
The magic dart hits Harold.
Harold misses you.
Aim: Harold, wielding a +0 mace and wearing a +0 chain mail (moderately wounded)
The magic dart hits Harold.
Harold hits you with a +0 mace!
Aim: Harold, wielding a +0 mace and wearing a +0 chain mail (moderately wounded)
The magic dart hits Harold.
Harold hits you with a +0 mace!
* * * LOW HITPOINT WARNING * * *
You blink.
Your magical contamination has completely faded away.
Harold throws a throwing net.
The throwing net hits you.
You become entangled in the net!
You see here a throwing net {!f}.
You tear a large gash into the net.
You blink.
You blink.
There is an open door here.
Harold points at you and mumbles some strange words.
The harpoon shot hits you!
You die...

#................## #.#...#
#(...####....(....###....##
.$.@.......+.........'.......#
####....####.........####...##
#.....# #........## #..##
#.###.# #.#@....## #.#####
#.###.###.##...## #.....#
#.........###'## #####.#
#####.##### #@# #.# #.# #.#
#.# #.# ##.## #># ... ##...##
#.# #.# #.....# #.# #.#
##...## #.#
#....####.############.#
#....................#
#.#####.##############


You could see Harold.

Vanquished Creatures
  Grinder (D:4)
  Sigmund (D:4)
  Duvessa (D:6)
  A sky beast (D:5)
  An orc warrior (D:6)
  A black bear (D:7)
  5 ogres
  Dowan (D:6)
  3 scorpions
  A howler monkey (D:6)
  2 bullfrog zombies
  3 hounds
  An orc priest (D:3)
  2 jellies
  3 bullfrog skeletons
  8 orc wizards
  Jessica (D:2)
  3 iguanas
  Ijyb (D:3)
  2 worker ants (D:4)
  A hound zombie (D:5)
  2 hound skeletons
  12 gnolls
  2 adders (D:3)
  3 river rats (D:3)
  An adder zombie (D:5)
  2 adder skeletons (D:5)
  A worm (D:3)
  3 dart slugs
  3 leopard geckos
  19 orcs
  A ball python (D:3)
  6 giant cockroaches
  15 goblins
  3 hobgoblins
  10 jackals
  5 kobolds
  3 quokkas
  8 bats (D:1)
  10 frilled lizards
  A jackal skeleton (D:4)
  A leopard gecko skeleton (D:5)
  10 rats
  A spectral orc (D:3)
165 creatures vanquished.

Vanquished Creatures (others)
  A withered plant (D:5)
1 creature vanquished.

Grand Total: 166 creatures vanquished

Notes
Turn   | Place    | Note
-------+----------+-------------------------------------------
     0 | D:1      | DavidChitty2 the Deep Elf Wizard began the quest for the
                  | Orb.
     0 | D:1      | Reached XP level 1. HP: 10/10 MP: 7/7
   208 | D:1      | Reached XP level 2. HP: 15/15 MP: 7/9
   214 | D:1      | Learned a level 2 spell: Blink
   217 | D:1      | Learned a level 2 spell: Call Imp
   711 | D:1      | You fall into a shaft and drop 1 floor!
   730 | D:2      | Reached XP level 3. HP: 14/19 MP: 3/11
   812 | D:2      | Learned a level 3 spell: Conjure Flame
   816 | D:2      | Learned a level 3 spell: Mephitic Cloud
  1510 | D:2      | Found a hazy altar of Hepliaklqana.
  1601 | D:2      | Found a burning altar of Makhleb.
  1601 | D:2      | Found a bloodstained altar of Trog.
  1656 | D:2      | Noticed Jessica
  1660 | D:2      | Killed Jessica
  1660 | D:2      | Reached XP level 4. HP: 24/24 MP: 5/12
  1937 | D:2      | Reached skill level 1 in Fire Magic
  2315 | D:3      | Noticed Ijyb
  2351 | D:2      | Reached skill level 1 in Poison Magic
  2778 | D:3      | Reached XP level 5. HP: 28/28 MP: 9/14
  2834 | D:3      | Reached skill level 5 in Spellcasting
  3081 | D:3      | Reached skill level 1 in Air Magic
  3265 | D:3      | Found an ornate altar of the Wu Jian Council.
  3425 | D:3      | Killed Ijyb
  3458 | D:3      | Reached XP level 6. HP: 12/32 MP: 1/16
  3793 | D:3      | Found a basalt altar of Yredelemnul.
  4404 | D:4      | Noticed Grinder
  4411 | D:4      | Paralysed by Grinder for 2 turns
  4414 | D:4      | Paralysed by Grinder for 5 turns
  4430 | D:4      | Paralysed by Grinder for 3 turns
  4447 | D:4      | Paralysed by Grinder for 2 turns
  4463 | D:4      | Killed Grinder
  4463 | D:4      | Reached XP level 7. HP: 17/36 MP: 0/17
  4766 | D:4      | Noticed Sigmund
  4796 | D:4      | Killed Sigmund
  4796 | D:4      | Reached skill level 5 in Conjurations
  5037 | D:4      | Found Pontux's Jewellery Shop.
  5529 | D:5      | Entered Level 5 of the Dungeon
  5771 | D:5      | Identified the +8 trident "Citafune" {vamp, rF+ rC+}
  5815 | D:5      | Reached XP level 8. HP: 26/41 MP: 2/19
  6076 | D:5      | Reached skill level 5 in Dodging
  6503 | D:5      | Found a runed translucent gate.
  6506 | D:5      | Found a runed translucent gate.
  6507 | D:5      | Found a runed translucent gate.
  6509 | D:5      | Noticed KrasnyyBoyets's ghost (novice OgFE)
  6509 | D:5      | Noticed Gruesome's ghost (novice OpMo)
  6513 | D:5      | Noticed Goomeeoh's ghost (novice NaWz)
  7685 | D:6      | Reached XP level 9. HP: 46/46 MP: 13/23
  7874 | D:6      | You fall into a shaft and drop 1 floor!
  7888 | D:7      | Reached skill level 1 in Fighting
  8086 | D:7      | Found a sacrificial altar of Ru.
  8112 | D:7      | Found Nicezxor's Weapon Boutique.
  8128 | D:6      | Noticed Dowan
  8142 | D:6      | Killed Dowan
  8143 | D:6      | Noticed Duvessa
  8178 | D:6      | Killed Duvessa
  8352 | D:6      | Found a runed translucent gate.
  8352 | D:6      | Found a runed translucent gate.
  8352 | D:6      | Found a runed translucent gate.
  8353 | D:6      | Noticed Yorgos's ghost (novice DsAK)
  9019 | D:4      | Bought the ring of Rosk {*Corrode rElec EV+2 Str+2 Dex+2}
                  | for 294 gold pieces
  9265 | D:7      | Noticed Harold
  9294 | D:7      | Killed from afar by Harold

Levels and vault maps discovered:
D:1:      dpeg_arrival_subterranean_lakeside_camping, layout_basic
D:2:      layout_loops_ring, overflow_temple_1_default,
          gammafunk_temple_overflow_wave, first_ration, minmay_statues_item,
          serial_bayou_ford_a, uniq_jessica
D:3:      layout_basic, yredelemnul_forgotten_temple_becter,
          nicolae_overflow_crystal_walls, portal_sewer_entry_e, uniq_ijyb
D:4:      layout_basic, serial_shops, kennysheep_mini_moat, uniq_grinder,
          uniq_sigmund
D:5:      layout_rooms, gammafunk_ghost_cemetery
D:6:      layout_basic, gammafunk_ghost_nasty_kobolds, uniq_duvessa
D:7:      layout_loops_corners, lemuel_crystal_altar,
          minmay_temple_entry_slanted, serial_shops, shop, grunt_ogre_cave,
          uniq_harold

Skill      XL: |  1  2  3  4  5  6  7  8  9 |
---------------+----------------------------+-----
Conjurations   | 2 3 4 5 8 |  8.0
Dodging        | 3 4 6 7 |  7.1
Fire Magic     | 1 2 3 |  3.0
Summonings     | 2 |  2.0
Poison Magic   | 1 2 |  2.0
Spellcasting   | 5 6 8 |  8.7
Translocations | 2 |  2.0
Air Magic      | 1 2 3 |  3.0
Fighting       | 1 |  1.8
Stealth        | |  2.4

Action                   |  1- 3 |  4- 6 |  7- 9 || total
-------------------------+-------+-------+-------++-------
Melee: Dagger            |       |    17 |     2 ||    19
       Trident           |       |       |    21 ||    21
 Cast: Magic Dart        |    83 |   171 |   314 ||   568
       Call Imp          |     1 |       |       ||     1
       Mephitic Cloud    |     1 |     4 |    17 ||    22
       Conjure Flame     |       |     2 |     4 ||     6
       Blink             |       |       |     8 ||     8
  Use: Scroll            |       |     9 |     6 ||    15
 Stab: Confused          |       |       |     2 ||     2
  Eat: Chunk             |     2 |     9 |     8 ||    19
       Ration            |       |       |     2 ||     2
Armor: Robe              |     3 |    14 |    17 ||    34
Dodge: Dodged            |    10 |    66 |    76 ||   152

Table legend:
 A = Non-vault XP
 B = Vault XP
 C = Vault XP percentage of total XP
 D = Non-vault monster count
 E = Vault monster count
 F = Vault count percentage of total count
                 A         B        C        D         E       F
            +---------+---------+-------+---------+---------+-------
      Total |    2626 |     806 |  23.5 |     144 |      21 |  12.7
            +---------+---------+-------+---------+---------+-------
        D:1 |      44 |       9 |  17.0 |      26 |       6 |  18.8
        D:2 |      93 |      37 |  28.5 |      20 |       1 |   4.8
        D:3 |     200 |      84 |  29.6 |      28 |      10 |  26.3
        D:4 |     394 |     469 |  54.3 |      20 |       2 |   9.1
        D:5 |     868 |       0 |   0.0 |      27 |       0 |   0.0
        D:6 |     777 |     207 |  21.0 |      18 |       2 |  10.0
        D:7 |     250 |       0 |   0.0 |       5 |       0 |   0.0
            +---------+---------+-------+---------+---------+-------
